 Dungeon Crawl Stone Soup version 0.31-a0-656-gb4d89c20fa (webtiles) character file.

Game seed: 16434916822678088735

67 thirtiethelement the Vexing (level 4, -2/46 HPs)
             Began as a Demonspawn Enchanter on Aug 30, 2023.
             Slain by a gnoll
             ... wielding a +0 club
              (4 damage)
             ... on level 2 of the Dungeon.
             The game lasted 00:03:23 (1160 turns).

thirtiethelement the Vexing (Demonspawn Enchanter)  Turns: 1160, Time: 00:03:24

Health: -2/46      AC:  4    Str:  8    XL:     4   Next: 0%
Magic:  1/7        EV: 12    Int: 19    God:
Gold:   91         SH:  0    Dex: 15    Spells: 5/7 levels left

rFire   . . .        a - +1 dagger (venom)
rCold   . . .        (no shield)
rNeg    . . .        g - +1 leather armour
rPois   .            (helmet restricted)
rElec   .            (no cloak)
rCorr   .            (no gloves)
SInv    .            (no boots)
Will    .....        (no amulet) Stlth
                     (no ring)
HPRegen 0.27/turn    (no ring)
MPRegen 0.10/turn

%: no passive effects
@: berserking (expiring), very slightly contaminated, invisible, very quick
A: horns 2, big brain 1
a: no special abilities


You were on level 2 of the Dungeon.
You visited 1 branch of the dungeon, and saw 2 of its levels.

You collected 91 gold pieces.

Inventory:

Hand Weapons
 a - a +1 dagger of venom (weapon)
 d - a +2 dagger of protection
 e - a +0 vampiric dagger
Armour
 g - a +1 leather armour (worn)
Scrolls
 h - a scroll of fog {unknown}
Potions
 c - a potion of invisibility
 f - a potion of curing {unknown}


   Skills:
 + Level 0.5 Fighting
 + Level 1.4 Short Blades
 + Level 2.2 Dodging
 + Level 3.4 Stealth
 + Level 2.2 Spellcasting
 + Level 3.4 Hexes


You had 5 spell levels left.
You knew the following spells:

 Your Spells              Type           Power      Damage    Failure   Level
a - Ensorcelled Hibernat  Hex/Ice        16%        N/A       19%         2

Your spell library contained the following spells:

 Spells                   Type           Power      Damage    Failure   Level
 Confusing Touch          Hex            15%        N/A       17%         3
 Tukima's Dance           Hex            15%        N/A       17%         3
 Dazzling Flash           Conj/Hex       16%        N/A       34%         3
 Static Discharge         Conj/Air       4%         2-3/arc   36%         2
 Airstrike                Air            1%         2d(1-17)  94%         4
 Summon Lightning Spire   Summ/Air       2%         N/A       94%         4


Dungeon Overview and Level Annotations

Branches:
Dungeon (2/15)

Altars:


Innate Abilities, Weirdness & Mutations

You have a pair of horns on your head.
You have an unusually large brain. (Int +2)


Message History

The throwing net closely misses the frilled lizard.
The throwing net barely misses you.
It was a potion of berserk rage.
A red film seems to cover your vision as you go berserk!
You feel yourself moving faster!
You feel mighty!
The frilled lizard hisses angrily.
The frilled lizard bites you but does no damage.
The gnoll hits you with a +0 whip.
* * * LOW HITPOINT WARNING * * *
You catch the helpless hobgoblin completely off-guard!
You impale the hobgoblin!!
You kill the hobgoblin!
The frilled lizard hisses angrily.
The gnoll hits you with a +0 whip.
* * * LOW HITPOINT WARNING * * *
The frilled lizard bites you but does no damage.
You puncture the gnoll!
The gnoll is severely wounded.
The goblin shoots a sling bullet.
The sling bullet misses the kobold.
The sling bullet hits the frilled lizard.
The frilled lizard dies!
You puncture the gnoll!
You kill the gnoll!
The goblin shoots a sling bullet.
The sling bullet closely misses the gnoll.
You have reached level 4!
You feel clever.
Your demonic ancestry asserts itself...
The horns on your head grow some more. The gnoll hits you with a +0 club.
* * * LOW HITPOINT WARNING * * *
Items here: ( ) [ †.
Unknown command.
You hit the gnoll.
The gnoll is poisoned.
Your headbutt misses the gnoll.
The gnoll is heavily wounded.
The goblin shoots a sling bullet.
The sling bullet hits the rat.
The rat dies!
You closely miss the gnoll.
The gnoll is severely wounded.
The gnoll hits you with a +0 club.
You die...

........ ..
#..........
........
..#..........
.......#
.#..).......
.......#
'..........
........
#........
.......#
#...g..#
########
#.g†gK.# #
#####..@...# #
#..........#
#..........#
#.......(..#
#...$......# #!
#...†......#
#..#...)......#
..............#
..#...........#


You could see 2 gnolls, a goblin (unable to see you) and a kobold (unable to see
you).

Vanquished Creatures
  2 gnolls
  An adder (D:2)
  2 dart slugs (D:1)
  4 bats
  4 endoplasms (D:1)
  4 goblins (D:1)
  5 hobgoblins
  4 ball pythons (D:1)
  2 frilled lizards (D:1)
  4 kobolds
  A rat (D:1)
33 creatures vanquished.

Vanquished Creatures (others)
  A frilled lizard (D:2)
  A rat (D:2)
2 creatures vanquished.

Grand Total: 35 creatures vanquished

Notes
Turn   | Place    | Note
-------+----------+-------------------------------------------
     0 | D:1      | thirtiethelement the Demonspawn Enchanter began the quest
                  | for the Orb.
     0 | D:1      | Reached XP level 1. HP: 13/13 MP: 3/3
   170 | D:1      | Reached skill level 1 in Short Blades
   170 | D:1      | Gained mutation: You have an unusually large brain. (Int
                  | +2) [demonic ancestry]
   170 | D:1      | Reached XP level 2. HP: 17/19 MP: 5/5
   251 | D:1      | Learned a level 2 spell: Ensorcelled Hibernation
   521 | D:1      | Gained mutation: You have a pair of small horns on your
                  | head. [demonic ancestry]
   521 | D:1      | Reached XP level 3. HP: 24/24 MP: 6/6
  1158 | D:2      | Gained mutation: You have a pair of horns on your head.
                  | [demonic ancestry]
  1158 | D:2      | Reached XP level 4. HP: 5/31 MP: 1/7
  1158 | D:2      | HP: 2/46 [gnoll/+0 club (3)]
  1160 | D:2      | Slain by a gnoll

Illustrated notes

Levels and vault maps discovered:
D:1:      minmay_arrival_four_circles, layout_basic, grunt_decor_junction,
          nicolae_eternal_life
D:2:      layout_basic, cheibrodos_gnoll_hut

Skill      XL: |  1  2  3 |
---------------+----------+-----
Short Blades   | 1 |  1.4
Stealth        | 3 |  3.4
Dodging        | 2 |  2.2
Fighting       | |  0.5
Spellcasting   | |  2.2
Hexes          | |  3.4

Action                     |  1- 3 |  4- 6 || total
---------------------------+-------+-------++-------
  Melee: Dagger            |    71 |     2 ||    73
         Headbutt          |     7 |       ||     7
   Cast: Ensorcelled Hiber |     4 |       ||     4
    Use: Potion            |     2 |       ||     2
         Scroll            |     1 |       ||     1
   Stab: Sleeping          |     5 |       ||     5
         Invisible         |     4 |       ||     4
 Armour: Robe              |    19 |       ||    19
         Leather armour    |     8 |       ||     8
  Dodge: Dodged            |    52 |       ||    52

Table legend: (Time is in decaauts)
 A = Elapsed time spent in this place.
 B = Non-inter-level travel time spent in this place.
 C = Inter-level travel time spent in this place.
 D = Time resting spent in this place.
 E = Time spent auto-exploring this place.
 F = Levels seen in this place.
 G = Mean time per level.
                   A        B        C        D        E       F      G
               +--------+--------+--------+--------+--------+-----+--------+
         Total |   1152 |   1130 |     22 |      0 |    905 |   2 |  576.0 |
       Dungeon |   1152 |   1130 |     22 |      0 |    905 |   2 |  576.0 |
               +--------+--------+--------+--------+--------+-----+--------+

Top non-repeatable levels by time:
     D:1: 1035 daAuts
     D:2: 117 daAuts
